 Dungeon Crawl Stone Soup version 0.28.0-62-gf88900778d (webtiles) character file.

Game seed: 5419938981514900378

302 cbfl8 the Covered (level 6, 0/53 HPs)
             Began as a Minotaur Fighter on July 5, 2023.
             Slain by an adder (2 damage)
             ... on level 5 of the Dungeon.
             The game lasted 00:04:55 (3753 turns).

cbfl8 the Covered (Minotaur Fighter)                Turns: 3753, Time: 00:04:55

Health: 0/53       AC:  8    Str: 19    XL:     6   Next: 14%
Magic:  0/5        EV:  7    Int:  5    God:
Gold:   176        SH:  4    Dex: 11    Spells: 5/5 levels left

rFire   x . .      SeeInvis .   a - +0 war axe
rCold   + . .      Faith    .   c - +0 buckler
rNeg    . . .      Spirit   +   g - +0 chain mail
rPois   .          Reflect  .   (helmet restricted)
rElec   .          Harm     .   (no cloak)
rCorr   .          Rampage  .   k - +0 pair of gloves
Will    .....                   (no boots)
Stlth   ..........              f - amulet of guardian spirit
HPRegen 0.17/turn               j - ring of ice
MPRegen 0.09/turn               (no ring)

@: no status effects
A: horns 2, retaliatory headbutt, iridescent scales 1, deformed body, weak 1
a: no special abilities


You were on level 5 of the Dungeon.
You visited 1 branch of the dungeon, and saw 7 of its levels.

You collected 176 gold pieces.

Inventory:

Hand Weapons
 a - a +0 war axe (weapon)
Armour
 c - a +0 buckler (worn)
 g - a +0 chain mail (worn)
 k - a +0 pair of gloves (worn)
Jewellery
 f - an amulet of guardian spirit (around neck)
 j - a ring of ice (left hand)
Scrolls
 e - a scroll of enchant weapon
 r - a scroll of silence
Potions
 b - a potion of mutation


   Skills:
 + Level 4.3 Fighting
 + Level 4.0 Axes
 * Level 2.2 Throwing
 + Level 4.7 Armour
 + Level 0.6 Dodging
 + Level 0.2 Stealth
 + Level 4.0 Shields
 * Level 2.7 Evocations


You had 5 spell levels left.
You didn't know any spells.
Your spell library was empty.

Dungeon Overview and Level Annotations

Branches:
Dungeon (7/15)
 Temple: D:4-7

Altars:
Makhleb

Shops:
D:1 (   D:6 =

Annotations:
D:7 Maggie


Innate Abilities, Weirdness & Mutations

You have a pair of horns on your head.
You reflexively headbutt those who attack you in melee.
You are partially covered in iridescent scales. (AC +2)
Armour fits poorly on your strangely shaped body.
You are weak. (Str -2)


Message History

An ogre and 2 orcs come into view.
Found 21 gold pieces, a jewelled bronze wand and a ring mail.
The orc shouts! x3; You hear an angry hiss.
You hit the orc. You headbutt the orc.
You kill the orc!
You barely miss the orc. The orc hits you but does no damage.
You block the orc's attack.
You hit the orc.
The orc is lightly wounded.
You slash the orc!
You kill the orc!
The orc closely misses you.
You closely miss the orc.
The orc is lightly wounded.
The orc closely misses you. The ogre closely misses you.
The orc hits you with a +0 flail!
Unknown command.
You hit the orc but do no damage.
The orc is lightly wounded.
You hit the ogre. The orc hits you with a +0 flail!
The ogre hits you with a +0 giant club!!
Unknown command.
You are too injured to fight recklessly!
You are too injured to fight recklessly!
Okay, then.
You slash the ogre! Your headbutt misses the ogre.
The ogre is heavily wounded.
You hit the orc. You block the orc's attack.
The ogre hits you with a +0 giant club!!
* * * LOW HITPOINT WARNING * * *
Found 18 gold pieces.
The orc hits you with a +0 flail.
* * * LOW HITPOINT WARNING * * *
The orc hits you but does no damage.
An adder comes into view.
The adder hisses angrily.
You block the ogre's attack.
Found a whip.
The adder barely misses you. The adder bites you.
You die...

.. .. .. ...
## #.#
######'######
#...........#
#...........#
#........$..#
#.....S@....#
#.....Oo....#
#...........#
#.........$.#
#...[......)#
#...........#
#....../....#
#...).....$.#
#...........#


You could see an ogre, an adder and an orc.

Vanquished Creatures
  2 hounds
  2 orc priests (D:5)
  Jessica (D:3)
  3 orc wizards (D:5)
  A gnoll (D:7)
  An adder (D:6)
  2 dart slugs
  7 orcs
  3 endoplasms
  3 giant cockroaches
  5 goblins
  5 hobgoblins
  2 jackals (D:3)
  A quokka (D:2)
  8 ball pythons
  8 bats
  4 frilled lizards
  4 kobolds
  3 rats
65 creatures vanquished.

Vanquished Creatures (others)
  3 toadstools (D:2)
3 creatures vanquished.

Grand Total: 68 creatures vanquished

Notes
Turn   | Place    | Note
-------+----------+-------------------------------------------
     0 | D:1      | cbfl8 the Minotaur Fighter began the quest for the Orb.
     0 | D:1      | Reached XP level 1. HP: 19/19 MP: 0/0
    97 | D:1      | Found a faded altar of an unknown god.
   116 | D:1      | Reached XP level 2. HP: 26/27 MP: 1/1
   539 | D:1      | Found Utryusch's Weapon Shop.
   786 | D:2      | Reached skill level 1 in Evocations
   965 | D:2      | Identified the +9 dagger of Indomitability {speed, rPois
                  | Int+5}
  1449 | D:2      | Reached XP level 3. HP: 33/33 MP: 2/2
  1920 | D:3      | Reached skill level 1 in Throwing
  1994 | D:3      | Noticed Jessica
  1998 | D:3      | Reached XP level 4. HP: 37/40 MP: 1/3
  1998 | D:3      | Killed Jessica
  2300 | D:3      | Found a burning altar of Makhleb.
  2634 | D:4      | You fall into a shaft and drop 3 floors!
  2649 | D:7      | Noticed a gnoll sergeant
  2673 | D:7      | Noticed Maggie
  2719 | D:7      | Gained mutation: You are partially covered in iridescent
                  | scales. (AC +2) [potion of mutation]
  2719 | D:7      | Gained mutation: Armour fits poorly on your strangely
                  | shaped body. [potion of mutation]
  2719 | D:7      | Gained mutation: You are weak. (Str -2) [potion of
                  | mutation]
  2755 | D:6      | Found Nojyoxou's Jewellery Shoppe.
  2787 | D:6      | Reached XP level 5. HP: 5/46 MP: 2/4
  2951 | D:6      | Identified the +1 robe "Taull" {Str+4}
  2951 | D:6      | Noticed a black bear
  2968 | D:6      | Noticed a phantom
  2972 | D:5      | Entered Level 5 of the Dungeon
  3591 | D:5      | Reached XP level 6. HP: 31/52 MP: 5/5
  3747 | D:5      | HP: 1/53 [orc/+0 flail (4)]
  3753 | D:5      | Slain by an adder

Illustrated notes

Levels and vault maps discovered:
D:1:      dpeg_arrival_boxes_within_box, layout_basic,
          nicolae_ecumenical_snake_handling, serial_shops,
          nicolae_shop_behind_doors
D:2:      layout_loops_corners, small_statue_intersection,
          chequers_serial_rivers_micro_b, minmay_misc_feat_cross,
          minmay_gold_behind_fungi, kennysheep_boxes
D:3:      minmay_skewed_foursquare, layout_basic, lemuel_doored_altar,
          uniq_jessica
D:4:      layout_loops_ring, jmf_multi_god_temple2, serial_shops,
          nicolae_shop_behind_doors, kennysheep_generic_room_14
D:5:      layout_basic, uniq_sigmund
D:6:      layout_loops_ring, serial_shops, shop, kennysheep_generic_room_15,
          uniq_menkaure
D:7:      kb_forest_paths, layout_basic, minmay_temple_entry_junction,
          hellmonk_bongcloud_opening, uniq_maggie, uniq_prince_ribbit1

Skill      XL: |  1  2  3  4  5 |
---------------+----------------+-----
Evocations     | 1 2 |  2.7
Armour         | 4 |  4.7
Throwing       | 1 2 |  2.2
Fighting       | 4 |  4.3
Axes           | 3 4 |  4.0
Shields        | 4 |  4.0
Dodging        | |  0.6
Stealth        | |  0.2

Action                   |  1- 3 |  4- 6 || total
-------------------------+-------+-------++-------
Melee: War axe           |    70 |    68 ||   138
       Headbutt          |    13 |    12 ||    25
  Use: Scroll            |       |    10 ||    10
       Potion            |       |     7 ||     7
Armor: Scale mail        |    10 |       ||    10
       Chain mail        |    23 |    38 ||    61
       Skin              |       |    26 ||    26
Dodge: Dodged            |    33 |    36 ||    69
Block: Buckler           |    13 |    15 ||    28
